 Dungeon Crawl Stone Soup version 0.29.1-1-gd02db6906a (webtiles) character file.

Game seed: 14968575909136348331

115 gzilladon the Sneak (level 4, -1/21 HPs)
             Began as a Spriggan Enchanter on Sept 27, 2022.
             Killed by divine providence
             ... invoked by an orc priest
              (11 damage)
             ... on level 3 of the Dungeon on Sept 28, 2022.
             The game lasted 00:13:48 (3866 turns).

gzilladon the Sneak (Spriggan Enchanter)            Turns: 3866, Time: 00:13:48

Health: -1/21      AC:  3    Str:  4    XL:     4   Next: 68%
Magic:  1/9        EV: 18    Int: 16    God:
Gold:   92         SH:  0    Dex: 17    Spells: 6/8 levels left

rFire   . . .      SeeInvis +   a - +1 dagger
rCold   . . .      Faith    .   (no shield)
rNeg    . . .      Spirit   .   b - +0 robe
rPois   .          Reflect  .   (helmet restricted)
rElec   .          Harm     .   u - +0 cloak
rCorr   .          Rampage  .   (gloves unavailable)
Will    .....                   (boots unavailable)
Stlth   ++++......              (no amulet)
HPRegen 0.07/turn               (no ring)
MPRegen 0.11/turn               (no ring)

@: very slightly contaminated, very quick
A: very small, no large weapons, unfitting armour, see invisible, speed 3
a: no special abilities


You were on level 3 of the Dungeon.
You visited 1 branch of the dungeon, and saw 4 of its levels.

You collected 92 gold pieces.

Inventory:

Hand Weapons
 a - a +1 dagger (weapon)
Missiles
 g - 32 stones (quivered)
 q - 3 boomerangs
 r - 2 silver javelins
Armour
 b - a +0 robe (worn)
 u - a +0 cloak (worn)
Jewellery
 d - a ring of resist corrosion
 i - a ring of poison resistance
 s - a ring of positive energy
Wands
 m - a wand of digging (4)
 v - a wand of mindburst (23)
Scrolls
 c - a scroll of blinking {unknown}
 e - 4 scrolls of teleportation {unknown}
 f - a scroll of fear {unknown}
 h - a scroll of magic mapping {unknown}
 j - a scroll of silence {unknown}
 k - a scroll of enchant armour {unknown}
 l - a scroll of amnesia {unknown}
 n - 3 scrolls of identify {unknown}
 w - a scroll of enchant weapon {unknown}
Potions
 o - a potion of lignification {unknown}
 p - 2 potions of resistance {unknown}
 t - a potion of mutation {unknown}


   Skills:
 + Level 0.4 Fighting
 + Level 2.0 Short Blades
 + Level 3.1 Dodging
 * Level 6.9 Stealth
 + Level 2.9 Spellcasting
 * Level 4.2 Hexes


You had 6 spell levels left.
You knew the following spells:

 Your Spells              Type           Power      Damage    Failure   Level
a - Ensorcelled Hibernat  Hex/Ice        18%        N/A       12%         2

Your spell library contained the following spells:

 Spells                   Type           Power      Damage    Failure   Level
 Confusing Touch          Hex            16%        N/A       10%         3
 Tukima's Dance           Hex            16%        N/A       10%         3
 Apportation              Tloc           4%         N/A       19%         1
 Magic Dart               Conj           8%         1d3       19%         1
 Necrotise                Necr           8%         1d4       19%         1
 Summon Small Mammal      Summ           8%         N/A       19%         1
 Dazzling Flash           Conj/Hex       18%        N/A       24%         3
 Call Imp                 Summ           2%         N/A       28%         2
 Mephitic Cloud           Conj/Pois/Air  2%         N/A       50%         3


Dungeon Overview and Level Annotations

Branches:
Dungeon (4/15)
 Temple: D:4-7

Altars:

Annotations:
D:3 Sigmund


Innate Abilities, Weirdness & Mutations

You are very small and have problems with some larger weapons.
You are too small for most types of armour.
You have supernaturally acute eyesight. (SInv)
You cover ground extremely quickly. (Speed+++)


Message History

Aim: an orc priest, wielding a +0 flail (wandering, hasn't noticed you, chance to affect: 43%)
The orc priest shouts!
The orc priest looks drowsy...
The orc priest shouts!
You hear a shout!
Sorry, you're not good enough to have a special ability.
Casting: Ensorcelled Hibernation (safe; 12% risk of failure)
Confirm with . or Enter, or press ? or * to list all spells.
Aiming: Ensorcelled Hibernation (safe; 12% risk of failure)
Press: ? - help, Shift-Dir - straight line, f/p - orc priest
Aim: an orc priest, wielding a +0 flail (not susceptible)
The orc priest is unaffected.
Sorry, you're not good enough to have a special ability.
Casting: Ensorcelled Hibernation (safe; 12% risk of failure)
Confirm with . or Enter, or press ? or * to list all spells.
Aiming: Ensorcelled Hibernation (safe; 12% risk of failure)
Press: ? - help, Shift-Dir - straight line, f/p - orc priest
Aim: an orc priest, wielding a +0 flail (not susceptible)
You miscast Ensorcelled Hibernation.
You are very lightly contaminated with residual magic.
Nothing appears to happen.
The orc priest mumbles some strange prayers to Beogh against you.
You struggle to resist.
A goblin comes into view. It is wielding a +0 club.
Casting: Ensorcelled Hibernation (safe; 12% risk of failure)
Confirm with . or Enter, or press ? or * to list all spells.
Aiming: Ensorcelled Hibernation (safe; 12% risk of failure)
Press: ? - help, Shift-Dir - straight line, f/p - orc priest
Aim: an orc priest, wielding a +0 flail (not susceptible)
The orc priest is unaffected.
The orc priest closely misses you.
You hit the orc priest.
The orc priest is lightly wounded.
The orc priest invokes the aid of Beogh against you.
Beogh smites you!
Ouch! That really hurt!
You hit the orc priest but do no damage.
The orc priest is lightly wounded.
The orc priest calls down the wrath of Beogh upon you.
Beogh smites you!
Ouch! That really hurt!
You die...

#.##.....?.#####.#
##########.##.####..#####.#
#..........................
..................######...
#............<....# ###...
#...[.............# #.....
#....g.....##########..#...
#.........o########...###..
####......@.........#####..
#.......########....#..#
#.......# #....#.##
#.......# #......#
#.......# #......#
#.......# #....###
######### #....# #....#
#<..[#


You could see an orc priest and a goblin.

Vanquished Creatures
  Jessica (D:2)
  4 adders
  A dart slug (D:2)
  7 bats
  5 endoplasms
  2 giant cockroaches
  4 goblins
  3 hobgoblins
  3 jackals (D:2)
  8 kobolds
  2 quokkas
  5 ball pythons
  2 frilled lizards
  2 rats
49 creatures vanquished.

Vanquished Creatures (others)
  An orc (D:3)
1 creature vanquished.

Grand Total: 50 creatures vanquished

Notes
Turn   | Place    | Note
-------+----------+-------------------------------------------
     0 | D:1      | gzilladon the Spriggan Enchanter began the quest for the
                  | Orb.
     0 | D:1      | Reached XP level 1. HP: 9/9 MP: 5/5
   316 | D:1      | Found a faded altar of an unknown god.
   452 | D:1      | Reached skill level 5 in Stealth
   482 | D:1      | Reached XP level 2. HP: 13/13 MP: 6/6
   970 | D:2      | Reached XP level 3. HP: 16/16 MP: 8/8
  2400 | D:2      | Reached skill level 6 in Stealth
  2883 | D:2      | Noticed Jessica
  2886 | D:2      | Killed Jessica
  2887 | D:2      | Reached XP level 4. HP: 21/21 MP: 9/9
  3375 | D:3      | Learned a level 2 spell: Ensorcelled Hibernation
  3378 | D:3      | Noticed Sigmund
  3433 | D:3      | HP: 1/21 [frozen (2)]
  3866 | D:3      | Killed from afar by an orc priest

Illustrated notes

Levels and vault maps discovered:
D:1:      wheals_arrival_shading, layout_loops_ring,
          dreamdust_ecumenical_altar_statues, serial_glass, glass_columns_c,
          glass_columns_c, glass_columns_b, glass_columns_c, glass_columns_a,
          glass_columns_a, glass_columns_b, glass_columns_b,
          chequers_serial_rivers_micro_b
D:2:      layout_loops_ring, corexii_corridor_pit, uniq_jessica
D:3:      layout_rooms, doesnt_xom_only_xom, uniq_sigmund
D:4:      layout_basic, serial_shops, nicolae_take_the_stairs,
          portal_sewer_entry_b

Skill      XL: |  1  2  3  4 |
---------------+-------------+-----
Stealth        | 5 6 |  6.9
Dodging        | 3 |  3.1
Short Blades   | 2 |  2.0
Hexes          | 4 |  4.2
Fighting       | |  0.4
Spellcasting   | |  2.9

Action                   |  1- 3 |  4- 6 || total
-------------------------+-------+-------++-------
Melee: Dagger            |   108 |    39 ||   147
       Punch             |     1 |       ||     1
 Cast: Ensorcelled Hiber |       |     5 ||     5
  Use: Potion            |     1 |     1 ||     2
 Stab: Sleeping          |    13 |     4 ||    17
Armor: Robe              |     7 |    10 ||    17
Dodge: Dodged            |    72 |    46 ||   118
